Ludex, chaotic male human Priest --- .. . . . . ------- . --.....| .- |.....-- -.| |-...-- |.--- |....| |... --..-| |..- --..-- |..-- | --...|----|...-- ..| |....--..--<.......-- | --...ga...@............| |...........--- ...----- --.......---- ---- ---..|.-- ------ Ludex the Adept Experience level: 6 Strength: 21 Dexterity: 15 Constitution: 13 Intelligence: 8 Wisdom: 18 Charisma: 10 Health: 0(50) Energy: 62(62) Def: 21 Gold: 186 Moves: 1088 Dungeon seed: qvFI9z6NEZf8lhm8 Game ID: Ludex_1521328168 Your Inventory: Coins $ - 186 gold pieces Weapons a - a blessed +1 mace (weapon in claw) Armor e - an uncursed +0 robe (being worn) n - a blessed +3 pair of iron shoes (being worn) Comestibles c - an uncursed clove of garlic d - an uncursed sprig of wolfsbane Potions b - 4 potions of holy water Rings j - an uncursed ring of teleportation Tools h - an uncursed oil lamp (0:1370) i - an uncursed blindfold Spells and supernatural/magical abilities: Spells marked with '!' are maintained. Name Level Category Fail Memory l - light 1 ! divination 0% 100% x - extra healing 3 healing 59% 100% W - pray for help -- divine ? -- X - turn undead -- divine ? -- Your skills at the end: Fighting Skills wands [Basic] Weapon Skills mace [Basic] Spellcasting Skills clerical spells [Basic] Final Attributes: You were petrification resistant. You could survive without air. You were permanently polymorphed into a gargoyle. You could not change form. You are dead. Vanquished creatures: 2 soldier ants 3 gnome lords 2 gnomish wizards 7 dwarves a homunculus a monkey a werejackal an acid blob 3 hobbits a hobgoblin a red mold 24 gnomes a gecko 2 jackals a goblin a sewer rat 2 grid bugs a lichen 2 newts 57 creatures vanquished. Voluntary challenges: You went without food. You were an atheist. You used a wielded weapon 50 times, starting on turn 21. You read items or engraved 11 times, starting on turn 510. You never genocided any monsters. You never polymorphed an object. You never changed form. You used no wishes. You never split a pudding. You never wrote Elbereth's name. You never violated your personal moral code. Dungeon overview: The Dungeons of Doom: levels 1 to 3 Level 1 a vault a long staircase Level 2 stairs to The Gnomish Mines Level 3 a fountain The Gnomish Mines: levels 3 to 6 Level 3 stairs to The Dungeons of Doom Level 4 Level 5 Level 6 <- You were here History has recorded: On T:1 you entered the Dungeons of Doom to retrieve the Amulet of Yendor! On T:137 you reached level 2 of The Dungeons of Doom. On T:390 you reached level 3 of The Dungeons of Doom. On T:432 you advanced to experience level 2. On T:619 you reached level 1 of The Gnomish Mines. On T:636 you advanced to experience level 3. On T:688 you advanced to experience level 4. On T:777 you reached level 2 of The Gnomish Mines. On T:789 you advanced to experience level 5. On T:925 you reached level 3 of The Gnomish Mines. On T:1005 you advanced to experience level 6. On T:1055 you reached level 4 of The Gnomish Mines. Score breakdown: Gold: 186 ( 7728 points) Experience: 6 levels (12456 points) Exploration: 6 levels ( 13.04%) (10000 points) Discoveries: 2 items ( 0.67%) ( 2449 points) Valuables value: (no points given unless you survive) Artifact value: 0 ( 0 points) Variety of kills: 19 monsters ( 5.00%) ( 6708 points) Turncount: 1088 turns ( 0 points) Survival: died (score multiplied by 80%) Total score: 31472 Latest messages: You hit the soldier ant! You miss the soldier ant. You bite the soldier ant. The soldier ant misses. The soldier ant stings! You miss the soldier ant. You hit the soldier ant. You kill the soldier ant! You stop exploring. The soldier ant misses. (3x) The soldier ant stings! You hit the soldier ant. You miss the soldier ant. You bite the soldier ant. The soldier ant bites! The soldier ant stings! You kill the soldier ant! You stop exploring. The soldier ant bites! The soldier ant stings! The soldier ant bites! The soldier ant stings! Final status: Goodbye Ludex the Priest, killed by a soldier ant, while stuck in monster form... You died in The Gnomish Mines on dungeon level 6 with 31472 points, and 186 pieces of gold, after 1088 moves. You were level 6 with a maximum of 40 hit points when you died.